 Dungeon Crawl Stone Soup version 0.19.4-8-ga85b6b9 (webtiles) character file.

2928 Naow the Summoner (level 9, -2/45 HPs)
             Began as a Deep Elf Summoner on Feb 10, 2017.
             Was a Follower of Sif Muna.
             Slain by a killer bee (6 damage)
             ... on level 8 of the Dungeon.
             The game lasted 00:28:12 (13191 turns).

Naow the Summoner (Deep Elf Summoner)              Turns: 13191, Time: 00:28:12

Health: -2/45      AC:  8    Str:  8    XL:     9   Next: 50%
Magic:  13/25      EV: 13    Int: 24    God:    Sif Muna [*.....]
Gold:   376        SH:  5    Dex: 15    Spells: 5 memorised, 15 levels left

rFire  + . .     SeeInvis .     s - +1 short sword
rCold  . . .     Gourm    .     I - +2 robe {rF+}
rNeg   . . .     Faith    +     P - +0 buckler
rPois  .         Spirit   .     N - +2 hat
rElec  .         Reflect  .     (no cloak)
rCorr  .         Harm     .     g - +1 pair of gloves {Str+3}
MR     .....                    (no boots)
Stlth  ++........               O - amulet of faith
                                (no ring)
                                K - ring of wizardry

@: no status effects
A: no striking features
a: Divine Energy, Renounce Religion


You were on level 8 of the Dungeon.
You worshipped Sif Muna.
Sif Muna was aware of your devotion.
You were not hungry.

You visited 2 branches of the dungeon, and saw 9 of its levels.

You collected 376 gold pieces.

Inventory:

Hand Weapons
 q - a +0 blowgun
 s - a +1 short sword (weapon)
 J - a +3 short sword
 L - a +5 dagger
 S - the +8 demon blade "Bloodbane" {slice, *Rage +Rage Stlth-}
   (You found it on level 8 of the Dungeon)

   It inflicts extra damage upon your enemies.
   It lets you go berserk.
   It may make you go berserk in combat.
   It makes you less stealthy.
Missiles
 t - 28 poisoned needles (quivered)
Armour
 a - a +0 robe
 g - a +1 pair of gloves of strength (worn)
 x - the +0 ring mail of Repulsion {+Inv Dex+4 Stlth+}
   (You found it on level 4 of the Dungeon)

   It affects your dexterity (+4).
   It lets you turn invisible.
   It makes you more stealthy.
 y - a +2 hat
 I - a +2 robe of fire resistance (worn)
 N - a +2 hat (worn)
 P - a +0 buckler (worn)
Jewellery
 K - a ring of wizardry (left hand)
 O - an amulet of faith (around neck)
 Q - an uncursed amulet of magic regeneration
Wands
 z - a wand of flame (18/48)
 U - a wand of enslavement (1/24)
Scrolls
 e - 4 scrolls of enchant weapon
 h - 4 scrolls of fear
 j - a scroll of recharging {unknown}
 m - a scroll of random uselessness {unknown}
 r - 3 scrolls of magic mapping {unknown}
 u - a scroll of noise {unknown}
 v - 4 scrolls of identify {unknown}
 w - 4 scrolls of teleportation {unknown}
 B - 3 scrolls of remove curse
 D - a scroll of enchant armour {unknown}
 R - a scroll of blinking {unknown}
 V - a scroll of holy word {unknown}
Potions
 d - a potion of heal wounds {unknown}
 i - 5 potions of curing
 k - a potion of cure mutation {unknown}
 l - 2 potions of degeneration {unknown}
 o - 3 potions of brilliance {unknown}
 p - 2 potions of lignification {unknown}
 A - a potion of mutation {unknown}
 C - a potion of ambrosia {unknown}
 E - 3 potions of flight {unknown}
 F - a potion of magic {unknown}
 G - a potion of might {unknown}
Books
 b - a book of Callings

   Spells                             Type                      Level
   a - Summon Small Mammal            Summoning                    1
   b - Call Imp                       Summoning                    2
   c - Call Canine Familiar           Summoning                    3
   d - Summon Guardian Golem          Hexes/Summoning              3
   e - Summon Lightning Spire         Summoning/Air                4
   f - Summon Ice Beast               Ice/Summoning                4
Comestibles
 c - 8 bread rations
 f - 3 meat rations
 n - 3 fruits
 H - a slice of pizza
 M - 6 beef jerkies


   Skills:
 - Level 2.4 Dodging
 - Level 2.4 Stealth
 * Level 3.0 Shields
 + Level 10.3 Spellcasting
 - Level 10.9 Summonings
 - Level 4.2 Ice Magic


You had 15 spell levels left.
You knew the following spells:

 Your Spells              Type           Power        Failure   Level  Hunger
a - Summon Small Mammal   Summ           ####         1%          1    None
b - Call Imp              Summ           ######..     1%          2    None
c - Call Canine Familiar  Summ           ######..     1%          3    None
d - Summon Ice Beast      Ice/Summ       #####...     1%          4    #......
e - Summon Guardian Gole  Hex/Summ       #####...     1%          3    None


Dungeon Overview and Level Annotations

Branches:
Dungeon (8/15)             Temple (1/1) D:5
   Lair: D:8-11

Altars:
Ashenzari
Cheibriados
Dithmenos
Elyvilon
Fedhas
Gozag
Hepliaklqana
Kikubaaqudgha
Makhleb
Nemelex Xobeh
Okawaru
Qazlal
Ru
Sif Muna
Trog
Uskayaw
Vehumet
Xom
Yredelemnul
Zin
The Shining One
Lugonu

Shops:
D:8 (


Message History

Confirm with . or Enter, or press ? or * to list all spells.
The killer bee closely misses your crimson imp.
Your wolf completely misses the killer bee.
The killer bee barely misses your quokka.
The killer bee stings your crimson imp.
The killer bee barely misses your crimson imp.
The killer bee stings your quokka!
Your quokka dies!
Your quokka's corpse disappears in a puff of smoke!
The killer bee barely misses your crimson imp.
Your wolf misses the killer bee.
Your crimson imp barely misses the killer bee.
The killer bee stings your crimson imp!
Your crimson imp dies!
Your ice beast barely misses the killer bee.
The killer bee buzzes angrily.
The killer bee stings you.
* * * LOW HITPOINT WARNING * * *
The killer bee stings you.
You die...

.## #.........................#
..## #..............<.........##
#..## #........................#
##..####...(......(............#
#...# ##......................#
##..## #...#.................##
#...# #...##Y..5............#
...## ##...#..yyy5...........#
...# #.......#@yh..........##
...## #......###............#
#...####.....## ##...........#
###..##......# ##..........#
.###........## ##........##
..##...##..## #......#.#
...##..##### #....###.# ......##
#....# #.# ......#
########...###.#


You could see 4 killer bees, a friendly ice beast, a friendly wolf, a friendly
iron imp and a friendly crimson imp.

Vanquished Creatures
  A bullfrog (D:7)
  A crimson imp (D:7)
  A hound (D:8)
  2 bats
  A giant cockroach (D:3)
  2 goblins
  A jackal (D:6)
  A kobold (D:1)
  A frilled lizard (D:4)
  A quokka skeleton (D:5)
  A rat (D:1)
13 creatures vanquished.

Vanquished Creatures (collateral kills)
  Pikel (D:8)
  The ghost of endorz the Chopper, a novice HaFi (D:4)
  2 hippogriffs
  A two-headed ogre (D:8)
  A wyvern (D:8)
  3 hungry ghosts (D:7)
  Eustachio (D:5)
  Grum (D:8)
  An orc warrior (D:7)
  A sky beast (D:8)
  2 slaves (D:8)
  A hornet zombie (D:8)
  2 ogres
  An ice beast (D:5)
  2 phantoms
  3 wolves (D:8)
  3 centaurs
  7 bullfrogs
  A water moccasin skeleton (D:5)
  2 scorpions
  5 killer bees (D:8)
  7 wights
  3 howler monkeys (D:7)
  A quasit (D:6)
  A jelly (D:6)
  3 bullfrog skeletons
  5 orc priests
  3 hounds
  An iron imp (D:7)
  4 orc wizards
  3 centaur skeletons
  An iguana (D:8)
  5 worker ants
  A hound zombie (D:7)
  9 gnolls
  5 adders
  A shadow imp (D:5)
  An ooze (D:4)
  2 adder zombies
  2 worms
  A dart slug (D:2)
  6 leopard geckos
  20 orcs
  5 bats
  5 giant cockroaches
  13 goblins
  10 hobgoblins
  6 jackals
  3 quokkas
  2 frilled lizards
  10 kobolds
  A leopard gecko skeleton (D:5)
  A quokka skeleton (D:8)
  A quokka zombie (D:7)
  4 rats
188 creatures vanquished.

Vanquished Creatures (others)
  A slave (D:8)
1 creature vanquished.

Grand Total: 202 creatures vanquished

Notes
Turn   | Place    | Note
-------+----------+-------------------------------------------
     0 | D:1      | Naow the Deep Elf Summoner began the quest for the Orb.
     0 | D:1      | Reached XP level 1. HP: 10/10 MP: 6/6
   413 | D:1      | Reached XP level 2. HP: 15/15 MP: 4/8
   435 | D:1      | Learned a level 2 spell: Call Imp
  1782 | D:2      | Reached skill level 5 in Summonings
  1788 | D:2      | Reached XP level 3. HP: 19/19 MP: 3/10
  1793 | D:2      | Learned a level 3 spell: Call Canine Familiar
  3599 | D:3      | Reached XP level 4. HP: 7/24 MP: 4/12
  3820 | D:3      | Learned a level 4 spell: Summon Ice Beast
  3829 | D:3      | Found a glowing silver altar of Zin.
  3838 | D:3      | Found an opulent altar of Gozag.
  4160 | D:3      | Reached skill level 1 in Ice Magic
  4207 | D:3      | Reached XP level 5. HP: 19/28 MP: 2/14
  4800 | D:4      | Noticed endorz's ghost (novice HaFi)
  4820 | D:4      | Killed endorz's ghost
  4820 | D:4      | Reached skill level 5 in Spellcasting
  4820 | D:4      | Reached XP level 6. HP: 29/32 MP: 5/16
  5774 | D:4      | Got an encrusted ring mail
  5794 | D:4      | Identified the +0 ring mail of Repulsion {+Inv Dex+4 Stlth+} (You found it on level 4 of the Dungeon)
  6298 | D:5      | Entered Level 5 of the Dungeon
  6303 | D:5      | Reached XP level 7. HP: 27/36 MP: 7/18
  6382 | D:5      | Found a basalt altar of Yredelemnul.
  6724 | D:5      | Found a shadowy altar of Dithmenos.
  6861 | D:5      | Found a staircase to the Ecumenical Temple.
  6895 | Temple   | Entered the Ecumenical Temple
  8165 | D:5      | Noticed Eustachio
  8197 | D:5      | Killed Eustachio
  8571 | D:6      | Found a hide-covered altar of Uskayaw.
  8993 | D:6      | Reached XP level 8. HP: 41/41 MP: 18/21
  9220 | D:6      | Found a hazy altar of Hepliaklqana.
  9300 | D:6      | Found a sparkling altar of Nemelex Xobeh.
  9767 | D:7      | Noticed a hippogriff
  9782 | D:6      | Killed a hippogriff
  9932 | D:7      | Found a snail-covered altar of Cheibriados.
 10692 | D:7      | Found an ancient bone altar of Kikubaaqudgha.
 11041 | D:7      | Reached skill level 10 in Summonings
 11166 | D:7      | Noticed a hippogriff
 11176 | D:7      | Killed a hippogriff
 11219 | D:7      | Found a burning altar of Makhleb.
 11312 | D:7      | Found a deep blue altar of Sif Muna.
 11312 | D:7      | Found a sacrificial altar of Ru.
 11340 | D:7      | Became a worshipper of Sif Muna the Loreminder
 11483 | D:7      | Found a radiant altar of Vehumet.
 11683 | D:7      | Learned a level 3 spell: Summon Guardian Golem
 11694 | D:8      | Found Huom's Antique Weapon Shoppe.
 11703 | D:8      | Noticed Grum
 11709 | D:8      | Reached XP level 9. HP: 36/45 MP: 13/24
 11717 | D:8      | Killed Grum
 12363 | D:8      | Reached * piety under Sif Muna
 12413 | D:8      | Reached skill level 1 in Shields
 12465 | D:8      | Noticed Pikel
 12475 | D:8      | Killed Pikel
 12475 | D:8      | Reached skill level 10 in Spellcasting
 12818 | D:8      | Found a stormy altar of Qazlal.
 12818 | D:8      | Found a white marble altar of Elyvilon.
 13191 | D:8      | Slain by a killer bee

Skill      XL: |  1  2  3  4  5  6  7  8  9 |
---------------+----------------------------+-----
Summonings     | 5 6 8 10 | 10.9
Spellcasting   | 4 5 6 7 9 10 | 10.3
Ice Magic      | 1 3 4 |  4.2
Shields        | 3 |  3.0
Dodging        | |  2.4
Stealth        | |  2.4

Action                   |  1- 3 |  4- 6 |  7- 9 || total
-------------------------+-------+-------+-------++-------
Melee: Unarmed           |    42 |       |       ||    42
       Short sword       |       |    34 |    70 ||   104
 Fire: Blowgun           |     1 |       |       ||     1
 Cast: Summon Small Mamm |    86 |    15 |   128 ||   229
       Call Imp          |    19 |    13 |    78 ||   110
       Call Canine Famil |    10 |    18 |    44 ||    72
       Summon Ice Beast  |       |    10 |     9 ||    19
  Use: Scroll            |       |     3 |       ||     3
       Potion            |       |       |     1 ||     1
 Stab: Distracted        |     3 |       |     1 ||     4
       Sleeping          |       |     1 |     3 ||     4
  Eat: Chunk             |     9 |     7 |    19 ||    35
       Fruit             |       |     3 |     1 ||     4
       Bread ration      |       |       |     1 ||     1
Armor: Robe              |    25 |     8 |     4 ||    37
       Ring mail         |       |     2 |    79 ||    81
Dodge: Dodged            |   107 |    40 |   141 ||   288
Block: Buckler           |       |       |     6 ||     6
